AoeStats
← novakmarek.spk

Arabia

508388448Analyzed
1v1 RM · 10d ago on Sep 22, 2026· 45m 54s· 2 players
Game mode
Random Map
Map size
Tiny (2 player)
Population
200
Speed
Normal
Resources
Standard
Victory
Conquest
Starting age
Dark Age
Ending age
Imperial Age
RankedLock teamsTeams togetherTeam positionsShared explorationLock speedFull tech treeHidden civsTurbo modeCheats
Victory
Defeat
🇨🇳 Magyars · China
973
+15
🇨🇿 Britons · Czechia
957
-15
novakmarek.spk
5:01 Loom
10:40 Feudal Age
19:21 Double-Bit Axe
19:20 Horse Collar
25:10 Castle Age
24:38 Padded Archer Armor
24:55 Fletching
26:23 Crossbowman
33:26 Pikeman
35:05 Ballistics
35:06 Bodkin Arrow
37:40 Scale Mail Armor
40:54 Squires
40:40 Gambesons
42:13 Leather Archer Armor
42:09 Forging
48:46 Imperial Age
bkreok
8:59 Feudal Age
7:53 Loom
9:58 Double-Bit Axe
10:18 Horse Collar
15:55 Scale Barding Armor
17:58 Bloodlines
23:41 Castle Age
23:20 Gold Mining
24:51 Wheelbarrow
24:11 Light Cavalry
25:14 Chain Barding Armor
25:09 Bow Saw
26:13 Heavy Plow
26:40 Town Watch
28:57 Hand Cart
31:28 Husbandry
31:43 Stone Mining
32:05 Fletching
32:40 Fervor
36:37 Bodkin Arrow
39:16 Imperial Age
40:02 Bracer
40:27 Conscription
39:52 Heavy Cavalry Archer
41:00 Parthian Tactics
40:39 Padded Archer Armor
41:41 Chemistry
41:02 Ballistics
41:45 Chemistry
41:13 Treadmill Crane
41:54 Thumb Ring
42:14 Leather Archer Armor
42:37 Plate Barding Armor
42:29 Hussar
43:48 Ring Archer Armor
46:04 Sanctity
Connection lost

Rejoining the realm…

Still unreachable

The connection could not be restored.

Session expired

The server has moved on; the page needs a fresh start.